cohdb
Replays
Latest Replays
All Replays
Popular Replays
Top Player Replays
Match Explorer
How It Works
Community
CoH3 Stats
Reddit
Sign in to upload your games and track your stats! →
Sign in with Steam
Match 47071652
Unlisted
Match 47071652
Overview
Messages
Build Orders
End
Kettenkrad Recon Vehicle
Construct Infanterie Kompanie
MG 42 Machine Gun Team
MG 42 Machine Gun Team
Grenadier Squad
Medical Station
GrW 34 Mortar Team
Selects Breakthrough Battlegroup
Selects Assault Grenadiers
Selects Breakthrough
Construct Panzergrenadier Kompanie
Pak 40 Anti-tank Gun Team
Breakthrough
Panzergrenadier Squad
Construct Panzer Kompanie
Selects Rapid Production
Selects Incendiary Bombing Run
Panzer IV Medium Tank
Breakthrough
Pak 40 Anti-tank Gun Team
Panzergrenadier Squad
Selects Blitzkrieg
Stoßtruppen Squad
Sturmpanzer IV Brummbär
Side Skirts
Breakthrough
Panzer IV Medium Tank
Nukepapa
FriendlyBacon
Sir Chunder
Testicular Chewing Goat
0
0
Comments
sign in to comment!
No comments posted yet!